 Dungeon Crawl Stone Soup version 0.30.0-29-ga12c61a403 (webtiles) character file.

Game seed: 8181672516228045033

1887 Nicoed the Cleaver (level 8, -11/66 HPs)
             Began as a Minotaur Fighter on June 12, 2023.
             Was a Follower of Okawaru.
             Mangled by an ogre
             ... wielding a +0 giant club
              (14 damage)
             ... on level 6 of the Dungeon.
             The game lasted 00:05:25 (5153 turns).

Nicoed the Cleaver (Minotaur Fighter)               Turns: 5153, Time: 00:05:25

Health: -11/66     AC: 12    Str: 23    XL:     8   Next: 92%
Magic:  10/10      EV: 10    Int: 11    God:    Okawaru [*.....]
Gold:   78         SH:  6    Dex: 10    Spells: 7/7 levels left

rFire   . . .        a - +0 war axe
rCold   . . .        c - +0 buckler
rNeg    . . .        t - +0 chain mail
rPois   .            (helmet restricted)
rElec   .            (no cloak)
rCorr   .            y - +0 pair of gloves
SInv    .            (no boots)
Will    .....        (no amulet) Stlth
                     b - +6 ring of intelligence
HPRegen 0.31/turn    (no ring)
MPRegen 0.12/turn

%: no passive effects
@: heroic
A: horns 2, retaliatory headbutt
a: Renounce Religion, Heroism


You were on level 6 of the Dungeon.
You worshipped Okawaru.
Okawaru was aware of your devotion.
You visited 1 branch of the dungeon, and saw 6 of its levels.

You collected 243 gold pieces.
You spent 165 gold pieces at shops.

Inventory:

Hand Weapons
 a - a +0 war axe (weapon)
Missiles
 u - 3 curare-tipped darts (quivered)
Armour
 c - a +0 buckler (worn)
 t - a +0 chain mail (worn)
 y - a +0 pair of gloves (worn)
Jewellery
 b - a +6 ring of intelligence (left hand)
 B - an amulet of magic regeneration
Wands
 p - a wand of paralysis (8)
 x - a wand of polymorph (18)
 z - a wand of mindburst (13)
 A - a wand of roots (5)
Scrolls
 e - 2 scrolls of enchant armour {unknown}
 h - 4 scrolls of identify {unknown}
 i - a scroll of immolation {unknown}
 k - 3 scrolls of magic mapping {unknown}
 m - 4 scrolls of enchant weapon
 q - a scroll of vulnerability {unknown}
 r - 2 scrolls of teleportation {unknown}
 s - a scroll of blinking {unknown}
Potions
 d - 5 potions of might
 f - 3 potions of lignification
 g - 2 potions of brilliance {unknown}
 j - 2 potions of haste {unknown}
 l - 2 potions of attraction {unknown}
 n - 2 potions of curing {unknown}
 o - a potion of berserk rage {unknown}
 v - 2 potions of mutation {unknown}
 w - 3 potions of magic {unknown}


   Skills:
 - Level 4.0(9.0) Fighting
 * Level 12.3(17.3) Axes
 - Level 4.0(9.0) Armour
 - Level 4.0(9.0) Shields
 + Level 4.7 Invocations


You had 7 spell levels left.
You didn't know any spells.
Your spell library contained the following spells:

 Spells                   Type           Power      Damage    Failure   Level
 Ensorcelled Hibernation  Hex/Ice        0%         N/A       96%         2
 Poisonous Vapours        Pois/Air       0%         N/A       96%         2
 Mephitic Cloud           Conj/Pois/Air  0%         N/A       99%         3
 Spider Form              Tmut/Pois      0%         N/A       99%         3
 Anguish                  Hex/Necr       0%         N/A       100%        4
 Freezing Cloud           Conj/Ice/Air   0%         6-21      100%        5
 Ozocubu's Refrigeration  Ice            0%         4d7       100%        7
 Polar Vortex             Ice            0%         N/A       100%        9
 Simulacrum               Ice/Necr       Unusable   N/A       N/A         6

Dungeon Overview and Level Annotations

Branches:
Dungeon (6/15)             Temple (0/1) D:4

Altars:
Fedhas
Gozag
Okawaru

Shops:
D:3 *   D:5 *


Innate Abilities, Weirdness & Mutations

You have a pair of horns on your head.
You reflexively headbutt those who attack you in melee.


Message History

The gnoll bouda is moderately wounded.
You barely miss the gnoll.
You feel sick. The gnoll barely misses you.
The gnoll bouda hits you with a +0 club.
You barely miss the gnoll bouda. Your headbutt misses the gnoll bouda.
The gnoll bouda is moderately wounded.
You slash the gnoll!
You kill the gnoll!
Okawaru accepts your kill.
You feel sick.
You are no longer poisoned.
You slice the gnoll bouda!!
You kill the gnoll bouda!
Okawaru accepts your kill.
Things that are here:
a +0 club; a +0 robe Unknown command.
There is a stone staircase leading down, spattered with blood here.
You climb downwards.
You hear the hiss of flowing sand.
There is an entrance to an ossuary on this level.
Hurry and find it before the portal is buried!
There is a stone staircase leading up here.
The gnoll hits you from afar with a +0 spear.
The gnoll hits you but does no damage.
You hit the gnoll but do no damage. The gnoll hits you but does no damage.
You hit the gnoll but do no damage. The gnoll hits you but does no damage.
You slash the gnoll!
The gnoll is severely wounded.
An ogre comes into view. It is wielding a +0 giant club.
You barely miss the gnoll.
The gnoll is severely wounded.
The ogre shouts!
You block the gnoll's attack.
You slash the gnoll!
You kill the gnoll!
Okawaru accepts your kill.
You see here a +0 spear.
The ogre hits you with a +0 giant club!!
* * * LOW HITPOINT WARNING * * *
The ogre attacks as you move away! The ogre hits you with a +0 giant club!
You die...

#...... ##
###.....#######.#
###............?..#
#...#.............#
#...............#
...#..)..........#
..................#
.#####.##.........#
... #.@.).....#
#.### #<.O......#
.. #........... #
#...........
............#
####.##.....## #.#
.#..## #.# #..## #.
..#


You could see an ogre.

Vanquished Creatures
  Grinder (D:5)
  Sigmund (D:3)
  2 ice beasts
  2 black bears (D:4)
  An ogre (D:4)
  3 phantoms
  A kobold brigand (D:5)
  A bullfrog (D:4)
  A scorpion (D:5)
  A howler monkey (D:4)
  A jelly (D:4)
  2 orc priests (D:3)
  A gnoll bouda (D:5)
  3 hounds (D:4)
  2 sleepcaps (D:5)
  2 iguanas (D:4)
  2 orc wizards
  Ijyb (D:5)
  Robin (D:2)
  8 adders
  3 gnolls
  A white imp (D:5)
  An ufetubus (D:4)
  4 worms
  4 dart slugs
  11 orcs
  10 ball pythons
  4 endoplasms
  2 giant cockroaches (D:1)
  11 goblins
  8 hobgoblins
  8 jackals
  A quokka (D:1)
  8 bats
  4 frilled lizards
  11 kobolds
  8 rats
136 creatures vanquished.

Notes
Turn   | Place    | Note
-------+----------+-------------------------------------------
     0 | D:1      | Nicoed the Minotaur Fighter began the quest for the Orb.
     0 | D:1      | Reached XP level 1. HP: 19/19 MP: 0/0
   183 | D:1      | Reached XP level 2. HP: 25/27 MP: 1/1
   455 | D:1      | Reached skill level 3 in Axes
  1041 | D:2      | Reached XP level 3. HP: 33/33 MP: 2/2
  1205 | D:2      | Noticed Robin
  1215 | D:2      | Killed Robin
  1216 | D:2      | Reached skill level 4 in Axes
  1545 | D:2      | Reached XP level 4. HP: 40/40 MP: 3/3
  1841 | D:3      | Reached skill level 5 in Axes
  1845 | D:3      | Reached XP level 5. HP: 33/46 MP: 4/4
  1910 | D:3      | Reached skill level 6 in Axes
  2293 | D:3      | Found an iron altar of Okawaru.
  2388 | D:3      | Noticed Sigmund
  2392 | D:3      | Killed Sigmund
  2393 | D:3      | Reached skill level 7 in Axes
  2393 | D:3      | Reached XP level 6. HP: 52/52 MP: 5/5
  2752 | D:3      | Found Ahyfopnarag's Assorted Antiques.
  2764 | D:3      | Bought a scroll labelled KOCIANGILAT for 21 gold pieces
  2764 | D:3      | Bought a brown potion for 18 gold pieces
  2987 | D:4      | Reached skill level 8 in Axes
  3088 | D:4      | Found an opulent altar of Gozag.
  3208 | D:4      | Noticed an ice beast
  3214 | D:4      | Killed an ice beast
  3215 | D:4      | Reached skill level 9 in Axes
  3215 | D:4      | Reached XP level 7. HP: 42/59 MP: 6/6
  3349 | D:3      | Found a blossoming altar of Fedhas.
  3359 | D:3      | Became a worshipper of Warmaster Okawaru
  3578 | D:4      | Reached skill level 1 in Invocations
  3611 | D:4      | Found a staircase to the Ecumenical Temple.
  3818 | D:4      | Reached skill level 10 in Axes
  3896 | D:4      | Reached XP level 8. HP: 63/66 MP: 8/8
  3942 | D:4      | Reached * piety under Okawaru
  4053 | D:5      | Entered Level 5 of the Dungeon
  4199 | D:5      | Reached skill level 11 in Axes
  4409 | D:5      | Identified the +1 robe of Fedhas's Respect {Drain Str+8
                  | Dex-2 Stlth+}
  4456 | D:5      | Found Ruvewn's General Store.
  4464 | D:5      | Bought a scroll of enchant weapon for 90 gold pieces
  4464 | D:5      | Bought a potion of lignification for 36 gold pieces
  4484 | D:5      | Noticed Grinder
  4486 | D:5      | Paralysed by Grinder for 3 turns
  4493 | D:5      | Killed Grinder
  4603 | D:5      | Reached skill level 12 in Axes
  4799 | D:5      | Noticed Ijyb
  4806 | D:5      | Killed Ijyb
  5152 | D:6      | HP: 3/66 [ogre/+0 giant club (23)]
  5153 | D:6      | Mangled by an ogre

Illustrated notes

Levels and vault maps discovered:
D:1:      kennysheep_arrival_seaside, layout_loops_corners, nrook_mini_vaults,
          st_stairs_5, minmay_misc_feat_secret_circle, kennysheep_minor_cross
D:2:      layout_loops_ring, chequers_avenue, uniq_robin
D:3:      layout_basic, nicolae_overflow_hidden_temple, serial_shops,
          nicolae_shop_dealshenge, minmay_quadrilaterals, uniq_sigmund
D:4:      cheibrodos_barr_body, layout_loops_cross, grunt_gozag_breadcrumbs,
          minmay_temple_entry_overgrown, serial_glass, glass_columns_a,
          glass_columns_a, hangedman_decor_slide_cut
D:5:      nicolae_cairo_tiling, layout_gridville, serial_shops, shop,
          uniq_grinder, uniq_ijyb
D:6:      layout_rooms, enter_ossuary_4

Skill      XL: |  1  2  3  4  5  6  7  8 |
---------------+-------------------------+-----
Fighting       | 4 |  4.0
Shields        | 4 |  4.0
Axes           | 3 4 5 7 9 10 12 | 12.3
Armour         | 4 |  4.0
Invocations    | 2 4 |  4.7

Action                     |  1- 3 |  4- 6 |  7- 9 || total
---------------------------+-------+-------+-------++-------
  Melee: War axe           |    85 |    74 |   149 ||   308
         Headbutt          |     5 |    11 |    24 ||    40
 Invoke: Heroism           |       |       |     1 ||     1
  Evoke: Wand              |       |       |     1 ||     1
   Stab: Paralysed         |       |       |     2 ||     2
 Armour: Scale mail        |    41 |    36 |       ||    77
         Chain mail        |       |     2 |    71 ||    73
  Dodge: Dodged            |    41 |    28 |    45 ||   114
  Block: Buckler           |    20 |    22 |    38 ||    80
